 Dungeon Crawl Stone Soup version 0.31.0-12-g77e489cdc1 (webtiles) character file.

Game seed: 2125638024893315310

379 Gadfly the Trooper (level 6, -4/66 HPs)
             Began as an Oni Berserker on Feb 24, 2024.
             Was a Believer of Trog.
             Slain by a killer bee (6 damage)
             ... on level 4 of the Dungeon.
             The game lasted 00:05:21 (3511 turns).

Gadfly the Trooper (Oni Berserker)                  Turns: 3511, Time: 00:05:21

Health: -4/66      AC:  5    Str: 22    XL:     6   Next: 74%
Magic:  6/6        EV: 10    Int:  8    God:    Trog [**....]
Gold:   246        SH:  0    Dex: 16    Spells: 5/5 levels left

rFire   . . .        b - +2 whip (freeze)
rCold   . . .        (no shield)
rNeg    . . .        i - +0 robe
rPois   +            (helmet restricted)
rElec   .            e - +1 cloak
rCorr   .            (gloves unavailable)
SInv    .            (boots unavailable)
Will    +++..        (no amulet)
Stlth   +            d - +6 ring of dexterity
HPRegen 1.31/turn    l - ring of poison resistance
MPRegen 0.10/turn

%: no passive effects
@: lethally poisoned (-4 -> -8), strong-willed, enlightened, flying,
regenerating
A: large, unfitting armour, horns 1, tough skin 1, double potion healing,
drunken brawling
a: Renounce Religion, Berserk, Trog's Hand


You were on level 4 of the Dungeon.
You worshipped Trog.
Trog was pleased with you.
You visited 1 branch of the dungeon, and saw 4 of its levels.

You collected 246 gold pieces.

Inventory:

Hand Weapons
 a - a +0 vampiric mace
 b - a +2 whip of freezing (weapon)
Armour
 e - a +1 cloak (worn)
 i - a +0 robe (worn)
Jewellery
 d - a +6 ring of dexterity (left hand)
 l - a ring of poison resistance (right hand)
Wands
 k - a wand of flame (8)
Scrolls
 g - a scroll of brand weapon
 n - a scroll of teleportation
 o - a scroll of fear
Potions
 c - a potion of enlightenment
 f - a potion of haste
 h - a potion of might
 j - a potion of resistance


   Skills:
 + Level 5.2 Fighting
 * Level 4.6 Maces & Flails
 * Level 2.9 Armour
 - Level 2.6 Dodging
 * Level 2.7 Evocations


You had 5 spell levels left.
You didn't know any spells.
Your spell library was empty.

Dungeon Overview and Level Annotations

Branches:
Dungeon (4/15)
 Temple: D:4-7

Altars:


Innate Abilities, Weirdness & Mutations

You are too large for most types of armour.
You have a pair of small horns on your head.
You have tough skin. (AC +1)
You gain doubled healing and magic from potions.
Whenever you drink a healing potion, you attack all around you.


Message History

You feel sick.
You are no longer poisoned.
The killer bee stings you but does no damage.
The killer bee closely misses you.
Unknown command.
You miss the killer bee.
The killer bee is almost dead.
The killer bee stings you but does no damage.
You closely miss the killer bee. Your headbutt misses the killer bee.
The killer bee is severely wounded.
The killer bee stings you but does no damage. x2
You barely miss the killer bee.
The killer bee is severely wounded.
The killer bee closely misses you. The killer bee completely misses you.
You miss the killer bee.
The killer bee is severely wounded.
The killer bee stings you.
* * * LOW HITPOINT WARNING * * *
The killer bee misses you. The killer bee barely misses you.
You hit the killer bee. You freeze the killer bee.
You kill the killer bee!
Trog accepts your kill.
You hit the endoplasm. You freeze the endoplasm.
The endoplasm is heavily wounded.
The endoplasm hits you but does no damage.
You hit the endoplasm. You freeze the endoplasm.
You kill the endoplasm!
Trog accepts your kill.
You closely miss the killer bee. The killer bee stings you.
* * * LOW HITPOINT WARNING * * *
You are poisoned.
The killer bee poisons you!
The killer bee stings you but does no damage.
You closely miss the killer bee. Your headbutt misses the killer bee.
Your punch misses the killer bee.
You feel sick. The killer bee stings you.
* * * LOW HITPOINT WARNING * * *
You are lethally poisoned!
The killer bee poisons you! The killer bee stings you.
You die...

.)......# ........#
........# ........# .#
........# .# ........# .#
## ........# ###.##..#
###....############........
#.............@y†........
#.#.#############........
##.#'##### #.........
#........# #.†.......
#........# ...........
##........# ####........
..........# #........
##........# .........
......##### .........


You could see a killer bee.

Vanquished Creatures
  3 killer bees (D:4)
  A howler monkey (D:4)
  Jessica (D:2)
  Natasha (thrice) (D:2)
  3 adders
  A ribbon worm (D:2)
  3 dart slugs
  6 orcs
  6 ball pythons
  6 endoplasms
  4 giant cockroaches
  9 hobgoblins
  2 kobolds
  2 quokkas
  3 bats
  5 frilled lizards
  5 goblins
  5 rats
68 creatures vanquished.

Notes
Turn   | Place    | Note
-------+----------+-------------------------------------------
     0 | D:1      | Gadfly the Oni Berserker began the quest for the Orb.
     0 | D:1      | Reached XP level 1. HP: 24/24 MP: 1/1
   132 | D:1      | Reached XP level 2. HP: 32/32 MP: 2/2
   946 | D:2      | Reached XP level 3. HP: 39/39 MP: 3/3
   963 | D:2      | Noticed Jessica
   970 | D:2      | Killed Jessica
   971 | D:2      | Reached skill level 1 in Armour
   971 | D:2      | Reached skill level 1 in Evocations
  1148 | D:2      | Reached XP level 4. HP: 44/49 MP: 4/4
  1443 | D:2      | Noticed Natasha
  1451 | D:2      | Killed Natasha
  1944 | D:2      | Noticed Natasha
  1962 | D:2      | Killed Natasha
  1963 | D:2      | Reached XP level 5. HP: 51/55 MP: 5/5
  2707 | D:2      | Noticed Natasha
  2713 | D:2      | Killed Natasha
  2841 | D:3      | Reached ** piety under Trog
  3467 | D:4      | Reached skill level 5 in Fighting
  3467 | D:4      | Reached XP level 6. HP: 43/66 MP: 6/6
  3500 | D:4      | HP: 3/66 [killer bee (3)]
  3505 | D:4      | HP: 3/66 [killer bee (5)]
  3511 | D:4      | HP: 2/66 [killer bee (4)]
  3511 | D:4      | Slain by a killer bee

Illustrated notes

Levels and vault maps discovered:
D:1:      kilobyte_arrival_exit_the_forest, layout_loops_ring,
          nrook_mini_backslash, st_stairs_10
D:2:      layout_loops_ring, uniq_natasha, uniq_jessica
D:3:      layout_basic
D:4:      layout_basic, tgw_sif

Skill      XL: |  1  2  3  4  5 |
---------------+----------------+-----
Armour         | 1 2 |  2.9
Evocations     | 1 2 |  2.7
Maces & Flails | 4 |  4.6
Fighting       | 5 |  5.2
Dodging        | |  2.6

Action                     |  1- 3 |  4- 6 || total
---------------------------+-------+-------++-------
  Melee: Mace              |    67 |    61 ||   128
         Headbutt          |     3 |    11 ||    14
         Whip              |       |    74 ||    74
 Invoke: Trog's Hand       |       |     1 ||     1
    Use: Scroll            |     6 |     6 ||    12
         Potion            |       |     2 ||     2
   Stab: Sleeping          |       |     4 ||     4
 Armour: Animal skin       |    23 |       ||    23
         Robe              |    15 |    96 ||   111
         Skin              |       |    39 ||    39
  Dodge: Dodged            |    34 |    58 ||    92
